Match 42049846
Unlisted

Match 42049846
End
Vickers Machine Gun Team
Selects Australian Defense Battlegroup
Selects Australian Light Infantry Section
Australian Light Infantry Section
Australian Light Infantry Section
Australian Light Infantry Section
Selects 2-pounder Anti-tank Gun Team
Construct Section Command Post
2-pounder Anti-tank Gun Team
Construct Platoon Command Post
Humber Armored Car
Construct Company Command Post
Australian Light Infantry Section
Selects CMP 15cwt Supply Run
Selects Artillery Trip Wire Flares
Crusader II Medium Tank
Crusader II Medium Tank
Selects Vehicle Over Repair
Royal Engineer Section
Crusader II Medium Tank
Armored Vehicle Training
CMP 15cwt Supply Run
Crusader II Medium Tank
Selects Archer Tank Destroyer
Archer Tank Destroyer
Archer Tank Destroyer
Australian Light Infantry Section
Royal Engineer Section
Crusader II Medium Tank
Crusader II Medium Tank
Archer Tank Destroyer
Archer Tank Destroyer
Australian Light Infantry Section
STALKER4732
SoyaLors
ezh
kit.ohume
BaronVonKieselberg
Anti-Something Squad
moon
Kipesh
0
0

Comments sign in to comment!

No comments posted yet!